 Dungeon Crawl Stone Soup version 0.22-a0-460-g49b1da7 (webtiles) character file.

69 4thArraOfDagon the Slasher (level 4, -2/40 HPs)
             Began as a Minotaur Monk on June 9, 2018.
             Was a Follower of Okawaru.
             Slain by an iguana (12 damage)
             ... on level 6 of the Dungeon.
             The game lasted 00:01:26 (253 turns).

4thArraOfDagon the Slasher (Minotaur Monk)           Turns: 253, Time: 00:01:27

Health: -2/40      AC:  6    Str: 16    XL:     4   Next: 2%
Magic:  1/3        EV: 15    Int:  8    God:    Okawaru [*.....]
Gold:   19         SH:  0    Dex: 12    Spells: 3/3 levels left

rFire    . . .     SeeInvis .   a - +0 falchion
rCold    . . .     Gourm    .   (no shield)
rNeg     . . .     Faith    .   d - +0 ring mail
rPois    .         Spirit   .   (helmet restricted)
rElec    .         Reflect  .   (no cloak)
rCorr    .         Harm     .   (no gloves)
MR       .....                  (no boots)
Stlth    +++.......             (no amulet)
HPRegen  0.13/turn              (no ring)
MPRegen  0.08/turn              (no ring)

@: heroism
A: retaliatory headbutt, horns 2
a: Heroism, Renounce Religion


You were on level 6 of the Dungeon.
You worshipped Okawaru.
Okawaru was aware of your devotion.
You were not hungry.

You visited 1 branch of the dungeon, and saw 6 of its levels.

You collected 19 gold pieces.

Inventory:

Hand Weapons
 a - a +0 falchion (weapon)
Armour
 d - a +0 ring mail (worn)
Scrolls
 e - a scroll of identify {unknown}
 f - a scroll of magic mapping {unknown}
 g - a scroll of fear {unknown}
Potions
 b - 2 potions of mutation {unknown}
Comestibles
 c - a ration


   Skills:
 + Level 4.3(9.3) Fighting
 * Level 4.9(9.9) Long Blades
 + Level 3.9(8.9) Dodging
 - Level 1.5(6.5) Stealth
 + Level 0.0 Invocations


You had 3 spell levels left.
You didn't know any spells.
Your spell library was empty.

Dungeon Overview and Level Annotations

Branches:
Dungeon (6/15)
 Temple: D:4-7

Altars:
Okawaru


Innate Abilities, Weirdness & Mutations

You reflexively headbutt those who attack you in melee.
You have a pair of horns on your head.


Message History

Okawaru welcomes you!
You can now gain great but temporary skills.
An iguana comes into view.
The iguana hisses angrily.
Found a stone staircase leading down.
You barely miss the iguana.
The iguana bites you but does no damage.
You closely miss the iguana. The iguana bites you.
You hit the iguana but do no damage. The iguana bites you.
You barely miss the iguana. The iguana bites you.
You gain the combat prowess of a mighty hero.
The iguana bites you!
* * * LOW HITPOINT WARNING * * *
You hit the iguana.
The iguana is moderately wounded.
The iguana completely misses you.
You slash the iguana! You headbutt the iguana.
The iguana is almost dead.
The iguana bites you!
You die...

#.......... ##..........
#.>..........
##............
###............. .......
................
......###................
................@l.......
.........................
.........................
.........................
.........................
.<.......................
.........................
.........................
.#.......................


You could see an iguana.

Vanquished Creatures
  A crimson imp (D:5)
  An adder (D:3)
  An ooze (D:1)
  An adder skeleton (D:6)
  A dart slug (D:1)
  A leopard gecko (D:2)
  An orc (D:5)
  3 bats
  A giant cockroach (D:1)
  3 hobgoblins
  A kobold (D:1)
  2 rats
17 creatures vanquished.

Notes
Turn   | Place    | Note
-------+----------+-------------------------------------------
     0 | D:1      | 4thArraOfDagon the Minotaur Monk began the quest for the Orb.
     0 | D:1      | Reached XP level 1. HP: 19/19 MP: 0/0
    36 | D:1      | Reached XP level 2. HP: 14/27 MP: 1/1
   124 | D:3      | Reached XP level 3. HP: 26/33 MP: 2/2
   172 | D:5      | Entered Level 5 of the Dungeon
   220 | D:6      | Found an iron altar of Okawaru.
   224 | D:6      | Reached XP level 4. HP: 25/40 MP: 3/3
   231 | D:6      | Became a worshipper of Warmaster Okawaru
   231 | D:6      | Reached * piety under Okawaru
   231 | D:6      | Reached ** piety under Okawaru
   253 | D:6      | Slain by an iguana

Vault maps used:
D:1:      lightli_arrival_statuegarden, minmay_tetromino_l2
D:2:      marbit_many_paths, overflow_temple_1_default, lemuel_round_altar,
          first_ration
D:3:      uniq_robin
D:4:      kennysheep_generic_room_8
D:5:      basic_altar, minmay_holes
D:6:      lemuel_crystal_altar, minmay_temple_entry_glassed_door

Skill      XL: |  1  2 |
---------------+-------+-----
Long Blades    | 4 |  4.9
Fighting       | 4 |  4.3
Dodging        | |  3.9
Stealth        | |  1.5

Action                   |  1- 3 |  4- 6 || total
-------------------------+-------+-------++-------
Melee: Falchion          |    55 |     6 ||    61
       Headbutt          |     9 |     1 ||    10
Invok: Heroism           |       |     1 ||     1
 Stab: Sleeping          |     1 |       ||     1
Armor: Robe              |     1 |       ||     1
       Ring mail         |    13 |     1 ||    14
Dodge: Dodged            |    51 |     1 ||    52
       Rpst.: Falchion   |    12 |       ||    12

Table legend:
 A = Spawn XP
 B = Non-spawn XP
 C = Spawn XP percentage of total XP
 D = Spawn monster count
 E = Non-spawn monster count
 F = Spawn count percentage of total count
 G = Total turns spent on level
                    A         B        C        D         E        F      G
               +---------+---------+-------+---------+---------+-------+---------
         Total |       0 |      99 |   0.0 |       0 |      17 |   0.0 |   253
               +---------+---------+-------+---------+---------+-------+---------
           D:1 |       0 |      23 |   0.0 |       0 |       8 |   0.0 |    71
           D:2 |       0 |       6 |   0.0 |       0 |       3 |   0.0 |    46
           D:3 |       0 |      16 |   0.0 |       0 |       3 |   0.0 |    44
           D:5 |       0 |      49 |   0.0 |       0 |       2 |   0.0 |    45
           D:6 |       0 |       5 |   0.0 |       0 |       1 |   0.0 |    36
               +---------+---------+-------+---------+---------+-------+---------
